 Dungeon Crawl Stone Soup version 0.20-a0-550-gf70bbbc (webtiles) character file.

35 Amnesiac the Vexing (level 3, -5/24 HPs)
             Began as a Mummy Enchanter on Feb 3, 2017.
             Slain by an orc
             ... wielding a +0 flail
              (6 damage)
             ... on level 3 of the Dungeon.
             The game lasted 00:07:14 (1164 turns).

Amnesiac the Vexing (Mummy Enchanter)               Turns: 1164, Time: 00:07:15

Health: -5/24      AC:  4    Str: 11    XL:     3   Next: 17%
Magic:  2/7        EV: 12    Int: 15    God:
Gold:   0          SH:  0    Dex: 12    Spells: 1/8 levels left

rFire    x . .     SeeInvis .   f - +1 spear (venom)
rCold    + . .     Gourm    .   b - +1 robe
rNeg     + + +     Faith    .   (no shield)
rPois    ∞         Spirit   .   g - +0 helmet
rElec    .         Reflect  .   (no cloak)
rCorr    .         Harm     .   (no gloves)
MR       .....                  (no boots)
Stlth    ++........             (no amulet)
Regen    0.1/turn               (no ring)
                                (no ring)

@: no status effects
A: no food or potions, fire vulnerability, cold resistance 1, negative energy
resistance 3, torment resistance, unbreathing
a: no special abilities


You were on level 3 of the Dungeon.
You were not hungry.

You visited 1 branch of the dungeon, and saw 4 of its levels.

Inventory:

Hand Weapons
 a - a +1 dagger
 f - a +1 spear of venom (weapon)
 i - a +0 trident
Armour
 b - a +1 robe (worn)
 g - a +0 helmet (worn)
Scrolls
 e - a scroll of enchant armour
Books
 c - a book of Maledictions

   Spells                             Type                      Level
   a - Corona                         Hexes                        1
   b - Ensorcelled Hibernation        Hexes/Ice                    2
   c - Confuse                        Hexes                        3
   d - Tukima's Dance                 Hexes                        3
   e - Dazzling Spray                 Conjuration/Hexes            3


   Skills:
 - Level 1.0 Short Blades
 - Level 1.5 Dodging
 - Level 2.4 Stealth
 + Level 3.2 Spellcasting
 * Level 3.5 Hexes


You had one spell level left.
You knew the following spells:

 Your Spells              Type           Power        Failure   Level  Hunger
e - Confuse               Hex            ##......     17%         3    N/A
f - Corona                Hex            ##.....      6%          1    N/A
w - Tukima's Dance        Hex            ##......     17%         3    N/A

Dungeon Overview and Level Annotations

Branches:
Dungeon (4/15)
 Temple: D:4-7

Altars:


Innate Abilities, Weirdness & Mutations

You do not eat or drink.
Your flesh is vulnerable to fire.
You are immune to poison.
Your flesh is cold resistant. (rC+)
You are immune to negative energy. (rN+++)
You are immune to unholy pain and torment.
You can survive without breathing.


Message History

The iguana resists with significant effort.
The orc closely misses you. The iguana barely misses you.
The orc completely misses you.
You see here a club.
The orc barely misses you.
You hit the orc but do no damage.
The orc is poisoned.
The orc misses you. The orc hits you but does no damage.
The iguana barely misses you. The orc barely misses you. x2
You hit the orc but do no damage.
The orc looks as sick as possible!
The orc hits you with a flail.
* * * LOW HITPOINT WARNING * * *
The orc hits you but does no damage. The iguana bites you.
* * * LOW HITPOINT WARNING * * *
You can't drink.
As you read the scroll labeled KEBLAXTALAU, it crumbles to dust.
It is a scroll of identify.
You don't have any unidentified items.
You kill the orc!
The orc hits you with a flail.
You die...

#########...........#
#...........#
######..........##
#<............####
#...####......####
#...# #...........
#)..# #..###..####
#o[.# #..# #..# #
#@l.# #... #..# #####
##.# ...####
#.#........
#w####.#### #.# # .#
# .. ... ....


You could see an iguana and an orc.

Vanquished Creatures
  An adder (D:2)
  2 worms (D:2)
  2 dart slugs (D:2)
  A leopard gecko (D:3)
  3 orcs (D:3)
  A bat (D:3)
  A hobgoblin (D:3)
  4 rats
15 creatures vanquished.

Vanquished Creatures (others)
  A dancing weapon (D:3)
1 creature vanquished.

Grand Total: 16 creatures vanquished

Notes
Turn   | Place    | Note
-------+----------+-------------------------------------------
     0 | D:1      | Amnesiac the Mummy Enchanter began the quest for the Orb.
     0 | D:1      | Reached XP level 1. HP: 13/13 MP: 4/4
   140 | D:2      | Reached skill level 1 in Short Blades
   540 | D:3      | Reached XP level 2. HP: 12/19 MP: 3/5
   900 | D:2      | Reached XP level 3. HP: 5/24 MP: 7/7
   911 | D:2      | Learned a level 3 spell: Confuse
  1150 | D:2      | Learned a level 3 spell: Tukima's Dance
  1163 | D:3      | HP: 1/24 [iguana (3)]
  1164 | D:3      | Slain by an orc

Vault maps used:
D:1:      dpeg_arrival_tiny_g
D:2:      first_bread
D:3:      grunt_temple_overflow_open, cheibriados_altar_1
D:4:      old_standard_altar, minmay_temple_entry_hall, kennysheep_boxes

Skill      XL: |  1  2 |
---------------+-------+-----
Short Blades   | 1 |  1.0
Hexes          | 3 |  3.5
Spellcasting   | 3 |  3.2
Dodging        | |  1.5
Stealth        | |  2.4

Action                   || total
-------------------------++-------
Melee: Whip              ||    26
       Dagger            ||     1
       Spear             ||    16
       Trident           ||     6
 Cast: Corona            ||     5
       Confuse           ||     2
       Tukima's Dance    ||     1
  Use: Scroll            ||     3
 Stab: Sleeping          ||     1
Armor: Robe              ||    13
Dodge: Dodged            ||    32
